 Dungeon Crawl Stone Soup version 0.28.0 (webtiles) character file.

Game seed: 13318240675038812825

62 Jerry the Chucker (level 3, -3/30 HPs)
             Began as a Demigod Hunter on Feb 9, 2022.
             Killed by nerve-wracking pain
             ... invoked by a shadow imp
             ... summoned by Natasha
              (6 damage)
             ... on level 3 of the Dungeon.
             The game lasted 00:06:30 (2895 turns).

Jerry the Chucker (Demigod Hunter)                  Turns: 2895, Time: 00:06:31

Health: -3/30      AC:  5    Str: 17    XL:     3   Next: 60%
Magic:  5/5        EV: 12    Int: 13    God:
Gold:   109        SH:  0    Dex: 14    Spells: 2/2 levels left

rFire   . . .      SeeInvis .   a - +0 short sword
rCold   . . .      Faith    .   (no shield)
rNeg    . . .      Spirit   .   b - +0 leather armour
rPois   .          Reflect  .   h - +0 helmet
rElec   .          Harm     .   g - +0 cloak
rCorr   .          Rampage  .   (no gloves)
Will    .....                   (no boots)
Stlth   +.........              (no amulet)
HPRegen 0.10/turn               k - ring of flight
MPRegen 0.09/turn               (no ring)

@: flying
A: high MP 1, forlorn, divine attributes
a: no special abilities


You were on level 3 of the Dungeon.
You visited 1 branch of the dungeon, and saw 3 of its levels.

You collected 109 gold pieces.

Inventory:

Hand Weapons
 a - a +0 short sword (weapon)
Missiles
 c - 6 javelins (quivered)
 d - 2 throwing nets
Armour
 b - a +0 leather armour (worn)
 g - a +0 cloak (worn)
 h - a +0 helmet (worn)
Jewellery
 k - a ring of flight (left hand)
 l - a ring of fire
Scrolls
 j - a scroll of brand weapon {unknown}
Potions
 e - a potion of invisibility
 f - a potion of resistance {unknown}
 i - a potion of curing {unknown}


   Skills:
 + Level 2.3 Fighting
 + Level 4.0 Throwing
 + Level 1.3 Armour
 + Level 2.4 Dodging
 - Level 0.8 Stealth


You had 2 spell levels left.
You didn't know any spells.
Your spell library was empty.

Dungeon Overview and Level Annotations

Branches:
Dungeon (3/15)

Shops:
D:2 (

Annotations:
D:3 Natasha


Innate Abilities, Weirdness & Mutations

You have an increased reservoir of magic. (+10% MP)
You shall have no god before yourself.
Your divine heritage dramatically boosts your attributes as you level up.


Message History

The shadow imp hits you but does no damage.
The shadow imp completely misses you.
You barely miss Natasha.
Natasha is lightly wounded.
Natasha closely misses you. The shadow imp hits you.
The shadow imp hits you but does no damage.
Natasha claws you.
You hit Natasha but do no damage.
Natasha is lightly wounded.
The shadow imp lashes its tail.
The shadow imp closely misses you. The shadow imp barely misses you.
Natasha barely misses you.
You closely miss Natasha.
Natasha is lightly wounded.
The shadow imp hits you. The shadow imp closely misses you.
Natasha casts a spell at you.
The magic dart hits you but does no damage.
The shadow imp closely misses you.
The shadow imp grins evilly.
The shadow imp closely misses you. The shadow imp barely misses you.
You see here a +0 scale mail.
The crimson imp blinks!
You hit the crimson imp.
The crimson imp is lightly wounded.
The shadow imp puffs mist at you. The shadow imp hits you.
* * * LOW HITPOINT WARNING * * *
The shadow imp hits you.
* * * LOW HITPOINT WARNING * * *
The crimson imp hits you.
* * * LOW HITPOINT WARNING * * *
You closely miss the crimson imp. The shadow imp hits you.
* * * LOW HITPOINT WARNING * * *
The shadow imp closely misses you.
The crimson imp blinks!
There is a stone staircase leading up here.
The shadow imp hits you but does no damage.
The shadow imp gestures at you. Pain shoots through your body!
You die...

#.# #.# #.# #.# # #.#
.# # #.########.$###
#...###.5...5.......#
#..........h5@....#
#...#############.# #


You could see Natasha, a crimson imp (summoned) and 2 shadow imps.

Vanquished Creatures
  An adder (D:2)
  2 dart slugs (D:1)
  8 ball pythons
  6 endoplasms
  7 goblins
  2 hobgoblins (D:1)
  3 jackals (D:2)
  2 quokkas (D:1)
  2 bats
  3 frilled lizards (D:2)
  A kobold (D:2)
  7 rats
44 creatures vanquished.

Notes
Turn   | Place    | Note
-------+----------+-------------------------------------------
     0 | D:1      | Jerry the Demigod Hunter began the quest for the Orb.
     0 | D:1      | Reached XP level 1. HP: 17/17 MP: 3/3
   602 | D:1      | Reached XP level 2. HP: 14/24 MP: 4/4
  1042 | D:1      | HP: 1/24 [goblin (3)]
  1456 | D:2      | Reached skill level 1 in Armour
  1494 | D:2      | Found Zaxil's Antique Weapon Emporium.
  1689 | D:2      | Reached XP level 3. HP: 29/29 MP: 5/5
  2060 | D:2      | Reached skill level 4 in Throwing
  2872 | D:3      | Noticed Natasha
  2895 | D:3      | Killed from afar by a shadow imp

Illustrated notes

Levels and vault maps discovered:
D:1:      dpeg_arrival_rooms_b, layout_rooms, basic_ecumenical_altar,
          chequers_serial_rivers_micro_b
D:2:      layout_loops_ring, serial_shops, shop, chequers_serial_rivers_small_a,
          minivault_14
D:3:      layout_loops_ring, nicolae_wu_jian_immortal_techniques, serial_undead,
          serial_undead_e, serial_undead_c, serial_undead_d, serial_undead_b,
          gup_sewer_entry_spiral, uniq_natasha, uniq_terence

Skill      XL: |  1  2  3 |
---------------+----------+-----
Fighting       | 2 |  2.3
Dodging        | 2 |  2.4
Armour         | 1 |  1.3
Throwing       | 4 |  4.0
Stealth        | |  0.8

Action                   || total
-------------------------++-------
Melee: Short sword       ||   152
       Punch             ||     1
  Use: Scroll            ||     1
 Stab: Sleeping          ||     1
Armor: Leather armour    ||    60
Dodge: Dodged            ||   107
